 Dungeon Crawl Stone Soup version 0.29.0-15-g675c0067aa (webtiles) character file.

Game seed: 3330312853917069604

91 qw the Chopper (level 4, -1/28 HPs)
             Began as a Gargoyle Fighter on Sept 12, 2022.
             Slain by Sigmund
             ... wielding a +0 scythe
              (7 damage)
             ... on level 3 of the Dungeon.
             The game lasted 00:00:48 (1793 turns).

qw the Chopper (Gargoyle Fighter)                   Turns: 1793, Time: 00:00:49

Health: -1/28      AC: 11    Str: 21    XL:     4   Next: 59%
Magic:  4/4        EV:  9    Int:  9    God:
Gold:   85         SH:  4    Dex:  9    Spells: 3/3 levels left

rFire   . . .      SeeInvis .   Y - +0 war axe
rCold   . . .      Faith    .   c - +0 buckler
rNeg    + . .      Spirit   .   b - +0 scale mail
rPois   inf        Reflect  .   i - +0 helmet
rElec   +          Harm     .   (no cloak)
rCorr   .          Rampage  .   (no gloves)
Will    .....                   (no boots)
Stlth   ..........              (no amulet)
HPRegen 0.09/turn               (no ring)
MPRegen 0.09/turn               (no ring)

@: no status effects
A: sickness immunity, AC +3, negative energy resistance 1, electricity
resistance, torment resistance 1, petrification resistance
a: no special abilities


You were on level 3 of the Dungeon.
You visited 1 branch of the dungeon, and saw 3 of its levels.

You collected 85 gold pieces.


Innate Abilities, Weirdness & Mutations

You are immune to sickness and miasma.
Your stone body is resilient. (AC +3)
You are immune to poison.
You resist negative energy. (rN+)
You are resistant to electric shocks. (rElec)
You are resistant to unholy torment.
You are immune to petrification.


   Skills:
 - Level 3.2 Fighting
 + Level 4.2 Axes
 - Level 3.2 Armour
 - Level 3.2 Shields


You had 3 spell levels left.
You didn't know any spells.
Your spell library was empty.

Inventory:

Hand Weapons
 k - a +0 flail
 Y - a +0 war axe (weapon)
Armour
 b - a +0 scale mail (worn)
 c - a +0 buckler (worn)
 i - a +0 helmet (worn)
Scrolls
 a - 2 scrolls of identify
 e - a scroll of blinking {unknown}
 g - a scroll of fog {unknown}
Potions
 d - a potion of might
 h - a potion of heal wounds
 j - a potion of mutation {unknown}
 n - a potion of attraction {unknown}

Dungeon Overview and Level Annotations

Branches:
Dungeon (3/15)

Altars:
Kikubaaqudgha
Trog
Wu Jian

Shops:
D:3 [

Annotations:
D:3 Sigmund


Message History

There is a strange disturbance nearby!
A magic dart appears from out of thin air!
The magic dart hits you.
You're too confused to attack without stumbling around!
There is a strange disturbance nearby!
Something hits you.
You're too confused to attack without stumbling around!
There is a strange disturbance nearby!
Something hits you but does no damage.
You're too confused to attack without stumbling around!
There is a strange disturbance nearby!
You're too confused to attack without stumbling around!
There is a strange disturbance nearby!
You hear some strange, mumbled words.
A puff of flame appears from out of thin air!
The puff of flame misses you.
You're too confused to attack without stumbling around!
There is a strange disturbance nearby!
Something hits you but does no damage.
You're too confused to attack without stumbling around!
There is a strange disturbance nearby!
You feel less confused. Something hits you.
You swing at nothing.
You swing at nothing.
A magic dart appears from out of thin air!
The magic dart hits you. Something hits you.
You swing at nothing.
Something hits you.
You swing at nothing.
You swing at nothing.
You hear some strange, mumbled words.
Something tries to affect you, but you resist.
Something hits you.
You swing at nothing.
You block something's attack.
You swing at nothing.
A frilled lizard comes into view.
Something hits you!
You die...

#######.# '..# #.# ##.#
#.# . ##.# #.. .. #.#
##. @.. #.# #.# ..B.
#.# #.### .... #.#
#...#########.l#
#.#######......@.{..##
#.......'......>......#
#########.>...........#
#.............#
#.............#
#.............#
#.............#
#.............#
#.............


You could see a frilled lizard (wandering).

Vanquished Creatures
  3 adders
  4 worms (D:2)
  A dart slug (D:2)
  3 orcs (D:3)
  2 ball pythons (D:2)
  5 endoplasms
  2 giant cockroaches (D:2)
  4 goblins
  A hobgoblin (D:3)
  6 jackals (D:1)
  5 kobolds
  3 bats
  3 frilled lizards
  5 rats
47 creatures vanquished.

Notes
Turn   | Place    | Note
-------+----------+-------------------------------------------
     0 | D:1      | qw the Gargoyle Fighter began the quest for the Orb.
     0 | D:1      | Reached XP level 1. HP: 14/14 MP: 1/1
     0 | D:1      | 0 ||| qw: Version: 0.1-a-119-g272c26d
     0 | D:1      | 0 ||| qw: Game counter: 10866
     0 | D:1      | 0 ||| qw: Always use a shield: true
     0 | D:1      | 0 ||| qw: God list: Okawaru
     0 | D:1      | 0 ||| qw: Allow faded altars: false
     0 | D:1      | 0 ||| qw: Do Orc after D:15 true
     0 | D:1      | 0 ||| qw: Do second Lair branch before Depths: true
     0 | D:1      | 0 ||| qw: Lair rune preference: random
     0 | D:1      | 0 ||| qw: Plans: Normal, Zot, God:TSO, Crypt, Tomb, Pan,
                  | Slime, Hells, Zig, Abyss, Orb
     0 | D:1      | 0 ||| PLANNING D:1-11
    23 | D:1      | Found a faded altar of an unknown god.
   139 | D:1      | Reached skill level 2 in Axes
   330 | D:1      | 330 ||| Stepping ~*~*~tactically~*~*~ (stealth).
   332 | D:1      | 332 ||| Stepping ~*~*~tactically~*~*~ (stealth).
   336 | D:1      | Reached XP level 2. HP: 19/19 MP: 2/2
   374 | D:1      | 374 ||| Stepping ~*~*~tactically~*~*~ (stealth).
   523 | D:1      | You fall into a shaft and drop 1 floor!
   545 | D:2      | 545 ||| UPGRADING to +0 helmet.
   550 | D:2      | 550 ||| READING scroll labelled ESEMUSCH UGIRGH.
   551 | D:2      | 551 ||| READING scroll labelled NAHEV FYTS.
   552 | D:2      | 552 ||| DRINKING 2 brown potions.
   553 | D:2      | 553 ||| DROPPING potion of flight.
   784 | D:2      | Reached skill level 3 in Axes
   784 | D:2      | Reached XP level 3. HP: 23/23 MP: 3/3
   784 | D:2      | 784 ||| Stepping ~*~*~tactically~*~*~ (stealth).
   790 | D:2      | 790 ||| Stepping ~*~*~tactically~*~*~ (stealth).
   811 | D:2      | 811 ||| Stepping ~*~*~tactically~*~*~ (stealth).
   873 | D:2      | 873 ||| Stepping ~*~*~tactically~*~*~ (stealth).
  1034 | D:2      | 1034 ||| Stepping ~*~*~tactically~*~*~ (stealth).
  1036 | D:2      | 1036 ||| Stepping ~*~*~tactically~*~*~ (stealth).
  1039 | D:2      | 1039 ||| Stepping ~*~*~tactically~*~*~ (stealth).
  1056 | D:2      | Reached XP level 4. HP: 20/28 MP: 4/4
  1146 | D:2      | Found an ornate altar of the Wu Jian Council.
  1158 | D:2      | 1158 ||| Stepping ~*~*~tactically~*~*~ (stealth).
  1380 | D:2      | Reached skill level 4 in Axes
  1381 | D:2      | 1381 ||| Stepping ~*~*~tactically~*~*~ (stealth).
  1385 | D:2      | 1385 ||| Stepping ~*~*~tactically~*~*~ (stealth).
  1394 | D:2      | 1394 ||| Stepping ~*~*~tactically~*~*~ (stealth).
  1485 | D:2      | 1485 ||| DROPPING ring of wizardry.
  1486 | D:2      | 1486 ||| READING scroll labelled ZISI PECVIFRAR.
  1487 | D:2      | 1487 ||| DRINKING 2 red potions.
  1488 | D:2      | 1488 ||| READING 3 scrolls of identify.
  1488 | D:2      | 1488 ||| IDENTIFYING glowing puce potion
  1489 | D:2      | 1489 ||| READING 2 scrolls of identify.
  1489 | D:2      | 1489 ||| IDENTIFYING grey potion
  1490 | D:2      | 1490 ||| DROPPING potion of berserk rage.
  1491 | D:2      | 1491 ||| DROPPING potion of brilliance.
  1533 | D:3      | 1533 ||| Stepping ~*~*~tactically~*~*~ (stealth).
  1534 | D:3      | 1534 ||| Stepping ~*~*~tactically~*~*~ (stealth).
  1604 | D:3      | Found Niov Sabo's Antique Armour Shoppe.
  1609 | D:3      | 1609 ||| SHOPLISTING chain mail (130 gold, have 85).
  1609 | D:3      | 1609 ||| SHOPLISTING masterwork leather armour (203 gold,
                  | have 85).
  1609 | D:3      | 1609 ||| SHOPLISTING pair of runed gloves (217 gold, have
                  | 85).
  1609 | D:3      | 1609 ||| SHOPLISTING runed orb (348 gold, have 85).
  1672 | D:3      | Found a bloodstained altar of Trog.
  1688 | D:3      | Found an ancient bone altar of Kikubaaqudgha.
  1764 | D:3      | Noticed Sigmund
  1765 | D:3      | 1765 ||| DROPPING +0 club.
  1766 | D:3      | 1766 ||| Stepping ~*~*~tactically~*~*~ (hiding).
  1768 | D:3      | 1768 ||| Stepping ~*~*~tactically~*~*~ (hiding).
  1789 | D:3      | HP: 6/28 [something (2)]
  1793 | D:3      | Slain by Sigmund

Levels and vault maps discovered:
D:1:      tarquinn_simple_flora_water_c, layout_basic,
          hellmonk_ecumenical_altar_leap_of_faith, minmay_misc_feat_room
D:2:      layout_rooms, basic_altar
D:3:      layout_basic, mainiacjoe_overflow_swirl, serial_shops,
          nicolae_shop_hallway_plus, uniq_sigmund

Skill      XL: |  1  2  3  4 |
---------------+-------------+-----
Axes           | 2 3 4 |  4.2
Fighting       | |  3.2
Armour         | |  3.2
Shields        | |  3.2

Action                   |  1- 3 |  4- 6 || total
-------------------------+-------+-------++-------
Melee: War axe           |    76 |    45 ||   121
Throw: Boomerang         |    26 |    12 ||    38
  Use: Scroll            |     2 |     3 ||     5
       Potion            |     1 |     1 ||     2
Armor: Scale mail        |    33 |    23 ||    56
Dodge: Dodged            |    36 |    23 ||    59
Block: Buckler           |    12 |     3 ||    15

Table legend:
 A = Non-vault XP
 B = Vault XP
 C = Vault XP percentage of total XP
 D = Non-vault monster count
 E = Vault monster count
 F = Vault count percentage of total count
                 A         B        C        D         E       F
            +---------+---------+-------+---------+---------+-------
      Total |     131 |       0 |   0.0 |      47 |       0 |   0.0
            +---------+---------+-------+---------+---------+-------
        D:1 |      25 |       0 |   0.0 |      15 |       0 |   0.0
        D:2 |      77 |       0 |   0.0 |      24 |       0 |   0.0
        D:3 |      29 |       0 |   0.0 |       8 |       0 |   0.0
            +---------+---------+-------+---------+---------+-------
